 Dungeon Crawl Stone Soup version 0.28.0-49-g6dfe1f597d (webtiles) character file.

Game seed: 7324887417583606146

759 pkoi the Grave Robber (level 7, -5/53 HPs)
             Began as a Demigod Necromancer on May 12, 2022.
             Slain by a wyvern skeleton (10 damage)
             ... on level 5 of the Dungeon.
             The game lasted 00:09:42 (8484 turns).

pkoi the Grave Robber (Demigod Necromancer)         Turns: 8484, Time: 00:09:42

Health: -5/53      AC:  5    Str:  9    XL:     7   Next: 25%
Magic:  13/14      EV: 12    Int: 25    God:
Gold:   197        SH:  0    Dex: 16    Spells: 4/11 levels left

rFire   . . .      SeeInvis .   k - +3 spear
rCold   + . .      Faith    .   (no shield)
rNeg    . . .      Spirit   .   A - +2 robe "Huohaf" {rC+ Dex+2}
rPois   .          Reflect  .   (no helmet)
rElec   .          Harm     .   (no cloak)
rCorr   .          Rampage  .   (no gloves)
Will    .....                   v - +0 pair of boots
Stlth   ++........              (no amulet)
HPRegen 0.17/turn               i - ring of flight
MPRegen 0.14/turn               (no ring)

@: about to teleport, flying
A: high MP 1, forlorn, divine attributes
a: no special abilities


You were on level 5 of the Dungeon.
You visited 1 branch of the dungeon, and saw 5 of its levels.
You also visited: Sewer.

You collected 197 gold pieces.

Inventory:

Hand Weapons
 b - a +0 dagger
 d - a +2 short sword of venom
 e - a +0 whip
 j - a +0 short sword
 k - a +3 spear (weapon)
 l - a +2 mace of draining
Armour
 a - a +1 robe
 v - a +0 pair of boots (worn)
 A - the +2 robe "Huohaf" (worn) {rC+ Dex+2}
   (You found it on level 5 of the Dungeon)

   Dex:       It affects your dexterity (+2).
   rC:        It protects you from cold.
Jewellery
 c - a ring of ice
 i - a ring of flight (left hand)
Wands
 n - a wand of polymorph (15)
 t - a wand of charming (11)
 y - a wand of digging (6)
Scrolls
 o - 2 scrolls of enchant weapon
 p - 2 scrolls of vulnerability
 r - 4 scrolls of identify
 u - a scroll of enchant armour
 x - a scroll of magic mapping
Potions
 f - 3 potions of curing
 g - a potion of attraction
 h - a potion of resistance
 m - 5 potions of magic
 s - a potion of mutation


   Skills:
 + Level 1.7 Fighting
 + Level 1.6 Short Blades
 - Level 1.8 Dodging
 + Level 2.9 Stealth
 + Level 2.6 Spellcasting
 + Level 1.6 Hexes
 + Level 6.7 Necromancy
 + Level 1.6 Ice Magic


You had 4 spell levels left.
You knew the following spells:

 Your Spells              Type           Power      Damage    Failure   Level
a - Pain                  Necr           100%       1d9       1%          1
b - Animate Dead          Necr           18%        N/A       7%          4
c - Ensorcelled Hibernat  Hex/Ice        22%        N/A       9%          2

Your spell library contained the following spells:

 Spells                   Type           Power      Damage    Failure   Level
 Animate Skeleton         Necr           74%        N/A       1%          1
 Vampiric Draining        Necr           37%        2d8       1%          3
 Apportation              Tloc           6%         N/A       11%         1
 Summon Small Mammal      Summ           12%        N/A       11%         1
 Anguish                  Hex/Necr       12%        N/A       19%         4
 Spider Form              Tmut/Pois      3%         N/A       32%         3
 Agony                    Necr           37%        N/A       19%         5


Dungeon Overview and Level Annotations

Branches:
Dungeon (5/15)              Sewer (visited)
 Temple: D:4-7

Shops:
D:5 *


Innate Abilities, Weirdness & Mutations

You have an increased reservoir of magic. (+10% MP)
You shall have no god before yourself.
Your divine heritage dramatically boosts your attributes as you level up.


Message History

You barely miss the phantom.
The phantom is heavily damaged.
The wyvern skeleton bites you!
* * * LOW HITPOINT WARNING * * *
The phantom misses you.
You hit the phantom.
The phantom is severely damaged.
The wyvern skeleton barely misses you. The phantom barely misses you.
You completely miss the phantom.
The phantom is severely damaged.
The wyvern skeleton barely misses you. x2; The phantom misses you.
You puncture the phantom!
The phantom is almost destroyed.
The wyvern skeleton bites you!
* * * LOW HITPOINT WARNING * * *
The phantom closely misses you.
You hit the phantom.
You destroy the phantom!
The wyvern skeleton barely misses you. The wyvern skeleton closely misses you.
You puncture the wyvern skeleton!
The wyvern skeleton is moderately damaged.
The wyvern skeleton barely misses you.
You hit the wyvern skeleton.
The wyvern skeleton is moderately damaged.
The wyvern skeleton bites you.
* * * LOW HITPOINT WARNING * * *
The wyvern skeleton barely misses you.
You hit the wyvern skeleton.
The wyvern skeleton is heavily damaged.
The wyvern skeleton barely misses you.
You hit the wyvern skeleton.
The wyvern skeleton is heavily damaged.
The wyvern skeleton bites you!
* * * LOW HITPOINT WARNING * * *
You hit the wyvern skeleton.
The wyvern skeleton is severely damaged.
The wyvern skeleton barely misses you. x2
As you read the scroll of teleportation, it crumbles to dust.
You feel strangely unstable. The wyvern skeleton bites you!
You die...

#########
#@s......
#Z#######
########## #.#
.........# #.#
########.# #.#
########)## #.#
..........# #.#
########..######.#
# #.........#


You could see a scorpion and a wyvern skeleton.

Vanquished Creatures
  An ogre (D:5)
  A phantom (D:5)
  A bullfrog (D:3)
  A scorpion (D:5)
  A howler monkey (D:5)
  A centaur zombie (D:5)
  A centaur skeleton (D:5)
  Ijyb (D:5)
  3 orc wizards
  2 hound zombies (D:5)
  3 gnolls
  5 adders
  2 river rats (Sewer)
  A worm (D:2)
  4 dart slugs
  7 orcs
  7 endoplasms
  3 giant cockroaches
  4 goblins
  3 hobgoblins
  9 jackals
  6 quokkas
  8 ball pythons
  7 bats
  6 frilled lizards
  6 kobolds
  9 rats
103 creatures vanquished.

Vanquished Creatures (collateral kills)
  A hound (D:4)
  A hell rat (Sewer)
  A rat (Sewer)
3 creatures vanquished.

Vanquished Creatures (others)
  5 fungi (D:2)
  5 plants (D:2)
10 creatures vanquished.

Grand Total: 116 creatures vanquished

Notes
Turn   | Place    | Note
-------+----------+-------------------------------------------
     0 | D:1      | pkoi the Demigod Necromancer began the quest for the Orb.
     0 | D:1      | Reached XP level 1. HP: 14/14 MP: 5/5
  1293 | D:1      | Reached skill level 4 in Necromancy
  1293 | D:1      | Reached XP level 2. HP: 18/20 MP: 5/7
  3009 | D:2      | Reached XP level 3. HP: 22/26 MP: 4/8
  4021 | D:2      | Reached skill level 5 in Necromancy
  4372 | D:2      | Reached XP level 4. HP: 28/33 MP: 4/9
  5377 | D:3      | Reached XP level 5. HP: 32/38 MP: 6/10
  5428 | D:3      | Learned a level 4 spell: Animate Dead
  5532 | D:3      | Reached skill level 6 in Necromancy
  5629 | D:3      | Learned a level 2 spell: Ensorcelled Hibernation
  6182 | D:4      | Found a glowing drain.
  6186 | Sewer    | Entered a sewer
  6440 | D:4      | Reached XP level 6. HP: 44/46 MP: 12/12
  7003 | D:5      | Entered Level 5 of the Dungeon
  7480 | D:5      | Reached skill level 1 in Short Blades
  7480 | D:5      | Reached skill level 1 in Hexes
  7605 | D:5      | Reached skill level 1 in Fighting
  7605 | D:5      | Reached skill level 1 in Ice Magic
  7869 | D:5      | Found Zin's Purification Station.
  7902 | D:5      | Noticed Ijyb
  7912 | D:5      | Killed Ijyb
  8088 | D:5      | Identified the +2 robe "Huohaf" {rC+ Dex+2}
  8278 | D:5      | Reached XP level 7. HP: 36/52 MP: 10/13
  8484 | D:5      | Slain by a wyvern skeleton

Illustrated notes

Levels and vault maps discovered:
D:1:      heliophobic_arrival_ceremonial_halls, layout_basic
D:2:      layout_loops_corners, serial_aquarium, aquarium_bridge_square
          [aquarium_subvault_wall, aquarium_subvault_window,
          aquarium_subvault_bridge, aquarium_subvault_bridge],
          aquarium_window_1, aquarium_window_1, aquarium_window_1,
          aquarium_window_1, aquarium_view_2f, aquarium_view_2a,
          aquarium_balcony_3a, shapermc_ecumenical_altar_mp_urbaneastern,
          minmay_misc_feat_more_columns, kennysheep_pointless_box
D:3:      minmay_inner_zag, layout_basic
D:4:      layout_cave_pools, nemelex_xobeh_ov_fountains_minmay,
          lemuel_coloured_pillars_altar, gup_sewer_entry_bowl, st_stairs_8
D:5:      layout_loops_ring, zin_purify, nicolae_overflow_crystal_walls,
          uniq_ijyb

Skill      XL: |  1  2  3  4  5  6 |
---------------+-------------------+-----
Necromancy     | 4 5 6 |  6.7
Stealth        | 2 |  2.9
Spellcasting   | 2 |  2.6
Short Blades   | 1 |  1.6
Hexes          | 1 |  1.6
Fighting       | 1 |  1.7
Ice Magic      | 1 |  1.6
Dodging        | |  1.8

Action                   |  1- 3 |  4- 6 |  7- 9 || total
-------------------------+-------+-------+-------++-------
Melee: Dagger            |    13 |       |       ||    13
       Punch             |     1 |     2 |     1 ||     4
       Mace              |     4 |       |       ||     4
       Short sword       |     3 |   122 |    15 ||   140
       Spear             |       |       |    30 ||    30
 Cast: Pain              |    83 |    54 |       ||   137
       Animate Dead      |       |     5 |       ||     5
  Use: Scroll            |     6 |     8 |     1 ||    15
       Potion            |     2 |       |       ||     2
 Stab: Sleeping          |       |     2 |     2 ||     4
Armor: Robe              |     7 |    52 |    12 ||    71
Dodge: Dodged            |    25 |    89 |    37 ||   151
